[ AOE2 MATCH · #481242543 ]
Team RMWei vs Japanese
[ REPLAY ANALYSIS · EXTRACTED FROM THE RECORDED GAME ]
Feudal
8:31
Castle
20:34
Imperial
—
| APM avg | 44.1 |
| APM peak | 79 |
| eAPM avg | 18.6 |
| Villagers / military | 147 / 4 |
Focus
⚔️ 29.8% · 🌾 70.2%
Unknown (1944) ×83 · Unknown (1952) ×21 · Unknown (1949) ×5 · Spearman ×3 · Scout Cavalry ×1
Feudal
8:52
Castle
22:04
Imperial
42:50
| APM avg | 44.5 |
| APM peak | 76 |
| eAPM avg | 24.4 |
| Villagers / military | 118 / 154 |
Focus
⚔️ 29.4% · 🌾 70.6%
Knight ×142 · Scout Cavalry ×8 · Trebuchet (Packed) ×4
Feudal
8:38
Castle
22:26
Imperial
44:24
| APM avg | 38.3 |
| APM peak | 65 |
| eAPM avg | 19.0 |
| Villagers / military | 130 / 51 |
Focus
⚔️ 23.9% · 🌾 76.1%
Knight ×32 · Skirmisher ×14 · Scout Cavalry ×3 · Trebuchet (Packed) ×2
Feudal
8:53
Castle
22:02
Imperial
41:51
| APM avg | 48.7 |
| APM peak | 88 |
| eAPM avg | 27.1 |
| Villagers / military | 180 / 109 |
Focus
⚔️ 30.8% · 🌾 69.2%
Cavalry Archer ×85 · Archer ×11 · Knight ×4 · Militia ×3 · Trebuchet (Packed) ×3 · Spearman ×2
Match map
Initial resources + every placement click. Lines = walls · curves = elevation contours. ◆ gold · ⬟ stone · ● berries · ✦ relic · ◌ wall gap
Your base· Open — 4t gap
oscbennetts's base· ✓ Closed at 22:04 · 39t walls · no gate
neo_399's base· ✓ Closed at 22:26 · 41t walls · no gate
Zellet 3000's base· Open — unwalled flank
Smoothed initial terrain · ◌ = detected wall gap · hover for details
Inputs per minute
— Consort Radahn - - oscbennetts
Build order — Consort Radahn
First 150 of 356 actions detected
| 0:00 | Create | Villager (Male) |
| 0:02 | Build | House |
| 0:03 | Build | House |
| 0:13 | Create | Villager (Male) |
| 0:13 | Create | Villager (Male) |
| 0:23 | Create | Villager (Male) |
| 0:23 | Create | Villager (Male) |
| 1:25 | Create | Villager (Male) |
| 1:25 | Create | Villager (Male) |
| 1:45 | Build | Lumber Camp |
| 1:59 | Create | Villager (Male) |
| 1:59 | Create | Villager (Male) |
| 2:23 | Create | Villager (Male) |
| 2:23 | Create | Villager (Male) |
| 2:53 | Create | Villager (Male) |
| 2:59 | Build | House |
| 3:10 | Create | Villager (Male) |
| 3:10 | Create | Villager (Male) |
| 3:28 | Create | Villager (Male) |
| 3:28 | Create | Villager (Male) |
| 4:06 | Create | Villager (Male) |
| 4:13 | Create | Villager (Male) |
| 4:14 | Create | Villager (Male) |
| 4:31 | Create | Villager (Male) |
| 4:31 | Create | Villager (Male) |
| 4:57 | Create | Villager (Male) |
| 4:57 | Create | Villager (Male) |
| 5:29 | Build | Mill |
| 5:50 | Research | Loom |
| 6:21 | Research | Feudal Age |
| 6:21 | Research | Feudal Age |
| 7:40 | Build | Barracks |
| 7:44 | Build | House |
| 7:59 | Build | Palisade Wall |
| 8:19 | Build | House |
| 8:31 | Age | Feudal Age |
| 8:33 | Build | Stable |
| 8:36 | Research | Horse Collar |
| 8:41 | Research | Double-Bit Axe |
| 8:47 | Create | Villager (Male) |
| 8:47 | Create | Villager (Male) |
| 8:47 | Create | Villager (Male) |
| 8:59 | Research | Horse Collar |
| 9:15 | Create | Villager (Male) |
| 9:22 | Build | Palisade Gate |
| 9:36 | Build | Palisade Gate |
| 9:49 | Create | Villager (Male) |
| 9:50 | Create | Villager (Male) |
| 10:12 | Create | Scout Cavalry |
| 10:16 | Build | House |
| 10:17 | Build | Palisade Wall |
| 10:26 | Create | Villager (Male) |
| 10:26 | Create | Villager (Male) |
| 10:36 | Build | House |
| 10:38 | Build | Palisade Wall |
| 10:43 | Build | House |
| 10:45 | Build | House |
| 10:45 | Create | Villager (Male) |
| 10:48 | Build | Farm |
| 10:58 | Build | Farm |
| 11:04 | Build | Farm |
| 11:12 | Create | Villager (Male) |
| 11:18 | Build | Farm |
| 11:23 | Create | Villager (Male) |
| 12:00 | Create | Villager (Male) |
| 12:02 | Build | Farm |
| 12:05 | Create | Spearman |
| 12:06 | Create | Spearman |
| 12:12 | Build | House |
| 12:14 | Create | Villager (Male) |
| 12:24 | Build | Farm |
| 12:24 | Create | Villager (Male) |
| 12:35 | Create | Villager (Male) |
| 12:38 | Build | Farm |
| 12:51 | Create | Villager (Male) |
| 12:56 | Build | Palisade Wall |
| 12:57 | Build | Palisade Wall |
| 13:08 | Create | Villager (Male) |
| 13:13 | Build | Farm |
| 13:14 | Build | Farm |
| 13:16 | Create | Villager (Male) |
| 13:18 | Create | Villager (Male) |
| 13:36 | Create | Villager (Male) |
| 13:49 | Build | Palisade Wall |
| 13:50 | Build | Palisade Wall |
| 13:58 | Build | House |
| 14:17 | Build | Mining Camp |
| 14:36 | Create | Villager (Male) |
| 14:45 | Build | Farm |
| 14:46 | Create | Spearman |
| 14:52 | Build | Palisade Wall |
| 15:10 | Build | Farm |
| 15:27 | Create | Villager (Male) |
| 15:30 | Build | Farm |
| 15:41 | Build | Farm |
| 16:04 | Build | Lumber Camp |
| 16:43 | Create | Villager (Male) |
| 16:45 | Create | Villager (Male) |
| 16:48 | Build | Farm |
| 17:15 | Create | Villager (Male) |
| 17:20 | Build | Blacksmith |
| 17:54 | Research | Castle Age |
| 17:55 | Research | Castle Age |
| 18:20 | Build | Archery Range |
| 18:23 | Build | Archery Range |
| 18:27 | Build | Palisade Wall |
| 18:42 | Build | House |
| 19:02 | Create | Villager (Male) |
| 19:18 | Build | House |
| 19:20 | Build | House |
| 19:22 | Build | Palisade Wall |
| 19:34 | Build | House |
| 19:36 | Create | Villager (Male) |
| 19:39 | Build | Archery Range |
| 19:41 | Create | Villager (Male) |
| 19:44 | Research | Fletching |
| 20:01 | Research | Gold Mining |
| 20:01 | Research | Gold Mining |
| 20:34 | Age | Castle Age |
| 20:36 | Create | Unit 1952 ×5 |
| 20:39 | Research | Bodkin Arrow |
| 20:50 | Research | Bow Saw |
| 20:50 | Research | Bow Saw |
| 20:55 | Research | Heavy Plow |
| 20:55 | Research | Heavy Plow |
| 21:04 | Create | Unit 1952 |
| 21:18 | Create | Villager (Male) |
| 21:21 | Create | Villager (Male) |
| 21:33 | Create | Unit 1952 ×2 |
| 21:34 | Create | Villager (Male) |
| 21:41 | Create | Villager (Male) |
| 21:50 | Create | Unit 1952 ×2 |
| 21:50 | Create | Villager (Male) |
| 21:56 | Create | Villager (Male) |
| 22:04 | Create | Villager (Male) |
| 22:12 | Research | Husbandry |
| 22:21 | Create | Villager (Male) |
| 22:38 | Build | Market |
| 22:43 | Create | Villager (Male) |
| 23:02 | Create | Villager (Male) |
| 23:06 | Research | Thumb Ring |
| 23:17 | Build | Palisade Gate |
| 23:24 | Create | Villager (Male) |
| 23:41 | Create | Villager (Male) |
| 23:46 | Build | Town Center |
| 23:54 | Create | Unit 1944 |
| 23:57 | Build | Stable |
| 24:15 | Research | Forging |
| 24:16 | Create | Villager (Male) |
| 24:21 | Build | Farm |
Build order — oscbennetts
First 150 of 377 actions detected
| 0:00 | Create | Villager (Male) |
| 0:00 | Create | Villager (Male) |
| 0:01 | Create | Villager (Male) |
| 0:02 | Build | House |
| 0:04 | Build | House |
| 0:22 | Create | Villager (Male) |
| 1:23 | Create | Villager (Male) |
| 1:47 | Build | Lumber Camp |
| 1:59 | Create | Villager (Male) |
| 2:29 | Create | Villager (Male) |
| 2:57 | Create | Villager (Male) |
| 2:57 | Create | Villager (Male) |
| 3:28 | Create | Villager (Male) |
| 4:03 | Build | House |
| 4:04 | Create | Villager (Male) |
| 4:04 | Create | Villager (Male) |
| 4:26 | Build | Mill |
| 4:32 | Create | Villager (Male) |
| 4:33 | Create | Villager (Male) |
| 4:33 | Create | Villager (Male) |
| 5:30 | Create | Villager (Male) |
| 5:30 | Research | Loom |
| 6:38 | Research | Feudal Age |
| 7:28 | Build | House |
| 7:29 | Build | Palisade Wall |
| 7:30 | Build | Palisade Wall |
| 7:43 | Create | Villager (Male) |
| 8:52 | Age | Feudal Age |
| 8:53 | Build | Stable |
| 8:57 | Research | Double-Bit Axe |
| 8:59 | Create | Villager (Male) |
| 9:09 | Research | Horse Collar |
| 9:25 | Create | Villager (Male) |
| 9:28 | Build | Palisade Wall |
| 9:28 | Build | Palisade Wall |
| 9:30 | Build | Palisade Wall |
| 9:36 | Build | House |
| 9:41 | Build | Palisade Wall |
| 9:46 | Build | Palisade Wall |
| 9:50 | Build | Palisade Wall |
| 9:51 | Create | Villager (Male) |
| 9:53 | Create | Scout Cavalry |
| 9:53 | Create | Scout Cavalry |
| 9:53 | Create | Scout Cavalry |
| 10:03 | Build | House |
| 10:05 | Build | Palisade Wall |
| 10:08 | Build | Palisade Wall |
| 10:10 | Create | Villager (Male) |
| 10:14 | Build | Palisade Wall |
| 10:32 | Build | Palisade Wall |
| 10:39 | Create | Scout Cavalry |
| 10:41 | Create | Villager (Male) |
| 10:54 | Build | Farm |
| 10:55 | Build | Farm |
| 11:01 | Create | Villager (Male) |
| 11:09 | Build | House |
| 11:12 | Build | Palisade Wall |
| 11:16 | Build | Palisade Wall |
| 11:18 | Build | Farm |
| 11:35 | Build | House |
| 11:42 | Create | Villager (Male) |
| 11:42 | Create | Villager (Male) |
| 11:49 | Build | Farm |
| 11:56 | Build | Palisade Wall |
| 11:59 | Build | Palisade Wall |
| 12:10 | Create | Villager (Male) |
| 12:21 | Build | Farm |
| 12:26 | Build | Farm |
| 12:30 | Build | Lumber Camp |
| 12:33 | Build | House |
| 12:34 | Build | House |
| 12:43 | Build | Farm |
| 12:52 | Create | Villager (Male) |
| 12:53 | Create | Villager (Male) |
| 13:03 | Build | House |
| 13:10 | Create | Scout Cavalry |
| 14:06 | Create | Villager (Male) |
| 14:10 | Build | Farm |
| 14:10 | Build | Farm |
| 14:10 | Build | Farm |
| 14:11 | Build | Farm |
| 14:11 | Build | Farm |
| 14:11 | Build | Farm |
| 14:11 | Build | Farm |
| 14:17 | Build | House |
| 14:24 | Build | House |
| 14:25 | Create | Villager (Male) |
| 14:34 | Build | House |
| 14:44 | Build | Mining Camp |
| 14:46 | Create | Scout Cavalry |
| 14:58 | Build | Farm |
| 15:11 | Create | Villager (Male) |
| 15:36 | Build | Palisade Wall |
| 15:39 | Create | Villager (Male) |
| 15:39 | Create | Villager (Male) |
| 15:44 | Build | Palisade Wall |
| 16:01 | Create | Scout Cavalry |
| 16:21 | Create | Villager (Male) |
| 16:38 | Create | Villager (Male) |
| 16:46 | Create | Villager (Male) |
| 17:03 | Build | Farm |
| 17:11 | Build | Farm |
| 17:32 | Build | Farm |
| 17:36 | Research | Wheelbarrow |
| 17:53 | Build | House |
| 18:05 | Build | Palisade Wall |
| 18:07 | Build | Palisade Wall |
| 18:11 | Build | Farm |
| 18:28 | Build | House |
| 18:55 | Create | Villager (Male) |
| 19:19 | Research | Castle Age |
| 19:39 | Build | Stable |
| 19:47 | Research | Gold Mining |
| 19:58 | Research | Bloodlines |
| 20:29 | Build | Blacksmith |
| 20:39 | Build | Palisade Wall |
| 20:58 | Research | Scale Barding Armor |
| 20:58 | Research | Forging |
| 21:50 | Create | Villager (Male) |
| 22:04 | Age | Castle Age |
| 22:05 | Build | Town Center |
| 22:08 | Create | Villager (Male) |
| 22:12 | Research | Chain Barding Armor |
| 22:13 | Create | Knight ×5 |
| 22:14 | Create | Knight ×5 |
| 22:38 | Build | House |
| 22:47 | Create | Scout Cavalry |
| 23:07 | Create | Knight |
| 23:07 | Create | Knight |
| 23:08 | Create | Knight |
| 23:10 | Research | Husbandry |
| 23:12 | Create | Knight |
| 23:25 | Research | Bow Saw |
| 23:32 | Create | Knight |
| 23:42 | Create | Villager (Male) |
| 23:43 | Create | Villager (Male) |
| 23:48 | Create | Knight |
| 24:01 | Build | Town Center |
| 24:08 | Create | Knight |
| 24:08 | Create | Knight |
| 24:17 | Build | Town Center |
| 24:24 | Create | Villager (Male) |
| 24:24 | Create | Villager (Male) |
| 24:36 | Build | Palisade Wall |
| 24:49 | Create | Knight |
| 24:50 | Create | Knight |
| 25:00 | Create | Villager (Male) |
| 25:02 | Create | Knight |
| 25:24 | Build | Palisade Wall |
| 25:26 | Create | Knight |
Build order — neo_399
First 150 of 338 actions detected
| 0:02 | Create | Villager (Male) |
| 0:02 | Create | Villager (Male) |
| 0:02 | Create | Villager (Male) |
| 0:03 | Build | House |
| 0:04 | Build | House |
| 0:07 | Create | Villager (Male) |
| 1:27 | Create | Villager (Male) |
| 1:28 | Create | Villager (Male) |
| 1:48 | Build | Lumber Camp |
| 1:54 | Create | Villager (Male) |
| 1:54 | Create | Villager (Male) |
| 2:20 | Create | Villager (Male) |
| 2:20 | Create | Villager (Male) |
| 2:49 | Create | Villager (Male) |
| 3:13 | Create | Villager (Male) |
| 3:27 | Build | House |
| 3:52 | Create | Villager (Male) |
| 3:52 | Create | Villager (Male) |
| 3:56 | Create | Villager (Male) |
| 3:56 | Create | Villager (Male) |
| 4:34 | Create | Villager (Male) |
| 4:50 | Create | Villager (Male) |
| 5:11 | Build | Mill |
| 5:35 | Create | Villager (Male) |
| 5:52 | Research | Loom |
| 6:28 | Research | Feudal Age |
| 7:29 | Build | Barracks |
| 7:48 | Create | Villager (Male) |
| 8:38 | Age | Feudal Age |
| 8:41 | Build | Stable |
| 8:48 | Research | Double-Bit Axe |
| 9:02 | Build | House |
| 9:13 | Create | Villager (Male) |
| 9:17 | Create | Villager (Male) |
| 9:25 | Build | House |
| 9:31 | Build | Palisade Gate |
| 9:32 | Create | Scout Cavalry |
| 10:10 | Build | House |
| 10:19 | Create | Villager (Male) |
| 10:36 | Create | Villager (Male) |
| 10:39 | Create | Scout Cavalry |
| 10:57 | Build | Palisade Wall |
| 11:12 | Build | House |
| 11:40 | Create | Scout Cavalry |
| 11:50 | Create | Villager (Male) |
| 11:57 | Build | Farm |
| 11:57 | Build | Farm |
| 11:58 | Build | Farm |
| 11:58 | Build | Farm |
| 11:58 | Build | Farm |
| 12:06 | Build | House |
| 12:08 | Build | House |
| 12:38 | Create | Villager (Male) |
| 12:50 | Create | Villager (Male) |
| 13:04 | Build | Palisade Wall |
| 13:06 | Create | Villager (Male) |
| 13:13 | Build | Palisade Wall |
| 13:18 | Build | Farm |
| 13:21 | Create | Villager (Male) |
| 13:23 | Build | Farm |
| 14:04 | Create | Villager (Male) |
| 14:20 | Build | Farm |
| 14:21 | Create | Villager (Male) |
| 14:41 | Create | Villager (Male) |
| 14:52 | Build | Blacksmith |
| 15:14 | Create | Villager (Male) |
| 15:16 | Build | Farm |
| 15:42 | Build | House |
| 15:45 | Build | Farm |
| 15:47 | Create | Villager (Male) |
| 16:17 | Build | Mining Camp |
| 16:30 | Create | Villager (Male) |
| 16:57 | Create | Villager (Male) |
| 17:09 | Build | Archery Range |
| 17:21 | Research | Fletching |
| 17:22 | Create | Villager (Male) |
| 17:36 | Build | Farm |
| 17:38 | Create | Villager (Male) |
| 17:41 | Build | Archery Range |
| 17:50 | Research | Padded Archer Armor |
| 17:52 | Create | Skirmisher |
| 17:52 | Create | Skirmisher |
| 17:59 | Build | Farm |
| 18:01 | Create | Villager (Male) |
| 18:04 | Build | Farm |
| 18:20 | Create | Skirmisher |
| 18:35 | Create | Skirmisher |
| 18:35 | Create | Skirmisher |
| 18:48 | Build | Market |
| 19:02 | Create | Skirmisher |
| 19:03 | Create | Skirmisher |
| 19:09 | Create | Villager (Male) |
| 19:18 | Create | Skirmisher |
| 19:23 | Create | Skirmisher |
| 19:24 | Create | Skirmisher |
| 19:37 | Build | House |
| 19:46 | Research | Castle Age |
| 19:59 | Build | Farm |
| 20:13 | Build | House |
| 20:26 | Build | House |
| 20:27 | Build | House |
| 20:43 | Research | Bloodlines |
| 21:00 | Build | Stable |
| 21:11 | Research | Scale Barding Armor |
| 21:47 | Build | Farm |
| 22:26 | Age | Castle Age |
| 22:28 | Create | Knight |
| 22:30 | Create | Knight |
| 22:34 | Build | Farm |
| 22:37 | Build | House |
| 22:38 | Research | Chain Barding Armor |
| 22:45 | Create | Knight |
| 22:54 | Create | Villager (Male) |
| 22:57 | Research | Wheelbarrow |
| 23:09 | Build | House |
| 23:11 | Build | House |
| 23:22 | Create | Knight |
| 23:23 | Create | Knight |
| 23:31 | Create | Villager (Male) |
| 24:14 | Research | Husbandry |
| 24:34 | Build | Town Center |
| 24:42 | Create | Knight |
| 24:43 | Create | Knight |
| 24:48 | Create | Villager (Male) |
| 24:58 | Create | Villager (Male) |
| 25:35 | Research | Bodkin Arrow |
| 25:43 | Create | Villager (Male) |
| 25:48 | Build | Lumber Camp |
| 26:00 | Create | Villager (Male) |
| 26:00 | Create | Villager (Male) |
| 26:03 | Build | House |
| 26:08 | Create | Villager (Male) |
| 26:08 | Create | Villager (Male) |
| 26:09 | Create | Villager (Male) |
| 26:21 | Research | Elite Skirmisher (upgrade) |
| 26:31 | Create | Villager (Male) |
| 26:32 | Build | Farm |
| 26:58 | Build | Farm |
| 27:00 | Create | Villager (Male) |
| 27:01 | Create | Villager (Male) |
| 27:02 | Create | Villager (Male) |
| 27:53 | Create | Villager (Male) |
| 27:58 | Build | University |
| 28:00 | Build | House |
| 28:02 | Build | House |
| 28:19 | Create | Villager (Male) |
| 28:22 | Research | Leather Archer Armor |
| 28:25 | Research | Bow Saw |
| 28:38 | Create | Villager (Male) |
| 28:43 | Build | House |
Build order — Zellet 3000
First 150 of 449 actions detected
| 0:00 | Create | Villager (Male) |
| 0:01 | Create | Villager (Male) |
| 0:01 | Create | Villager (Male) |
| 0:01 | Create | Villager (Male) |
| 0:02 | Build | House |
| 0:03 | Build | House |
| 1:20 | Create | Villager (Male) |
| 1:52 | Create | Villager (Male) |
| 2:27 | Create | Villager (Male) |
| 2:30 | Build | Lumber Camp |
| 2:58 | Create | Villager (Male) |
| 2:59 | Create | Villager (Male) |
| 3:27 | Create | Villager (Male) |
| 3:30 | Build | House |
| 3:56 | Create | Villager (Male) |
| 4:28 | Create | Villager (Male) |
| 4:28 | Create | Villager (Male) |
| 4:48 | Build | Barracks |
| 4:50 | Create | Villager (Male) |
| 5:44 | Create | Villager (Male) |
| 5:55 | Create | Villager (Male) |
| 6:01 | Research | Loom |
| 6:11 | Build | House |
| 6:41 | Research | Feudal Age |
| 7:14 | Create | Militia |
| 7:15 | Create | Militia |
| 7:35 | Build | Mining Camp |
| 8:05 | Build | House |
| 8:11 | Create | Militia |
| 8:45 | Create | Villager (Male) |
| 8:53 | Age | Feudal Age |
| 9:11 | Research | Man-at-Arms (upgrade) |
| 9:11 | Research | Man-at-Arms (upgrade) |
| 9:34 | Create | Villager (Male) |
| 10:09 | Create | Villager (Male) |
| 10:16 | Build | House |
| 10:17 | Build | Palisade Wall |
| 10:23 | Build | Palisade Wall |
| 10:24 | Build | Palisade Wall |
| 10:30 | Create | Villager (Male) |
| 10:30 | Create | Villager (Male) |
| 10:36 | Build | Palisade Wall |
| 10:53 | Build | Archery Range |
| 10:56 | Create | Villager (Male) |
| 11:08 | Create | Spearman |
| 11:39 | Build | Blacksmith |
| 11:41 | Create | Villager (Male) |
| 11:46 | Build | Outpost |
| 11:50 | Build | Mill |
| 11:58 | Create | Archer |
| 12:00 | Create | Villager (Male) |
| 12:03 | Create | Archer |
| 12:38 | Build | Farm |
| 12:40 | Build | Farm |
| 12:40 | Build | Farm |
| 12:41 | Build | Farm |
| 12:41 | Build | Farm |
| 12:41 | Build | Farm |
| 13:14 | Build | House |
| 13:16 | Build | House |
| 13:19 | Build | Palisade Wall |
| 13:21 | Create | Villager (Male) |
| 13:32 | Build | Palisade Wall |
| 13:38 | Create | Spearman |
| 13:42 | Build | House |
| 14:01 | Build | Palisade Wall |
| 14:07 | Create | Villager (Male) |
| 14:16 | Create | Archer |
| 14:20 | Create | Villager (Male) |
| 14:26 | Create | Archer |
| 14:33 | Build | House |
| 14:34 | Build | Palisade Wall |
| 14:44 | Create | Archer |
| 14:47 | Research | Padded Archer Armor |
| 14:55 | Research | Fletching |
| 14:55 | Research | Fletching |
| 14:57 | Create | Villager (Male) |
| 14:58 | Build | Farm |
| 15:00 | Build | Farm |
| 15:11 | Build | House |
| 15:13 | Build | Palisade Wall |
| 15:21 | Create | Villager (Male) |
| 15:26 | Build | Farm |
| 15:35 | Build | Palisade Wall |
| 15:40 | Create | Archer |
| 15:41 | Research | Padded Archer Armor |
| 15:46 | Create | Villager (Male) |
| 15:52 | Build | Farm |
| 16:09 | Create | Archer |
| 16:13 | Build | Palisade Wall |
| 16:18 | Create | Villager (Male) |
| 16:23 | Build | House |
| 16:25 | Create | Villager (Male) |
| 16:28 | Build | Farm |
| 16:30 | Create | Archer |
| 17:03 | Research | Wheelbarrow |
| 17:07 | Build | Farm |
| 17:21 | Create | Archer |
| 18:02 | Create | Archer |
| 18:23 | Build | Palisade Wall |
| 18:33 | Create | Villager (Male) |
| 18:33 | Create | Villager (Male) |
| 19:22 | Research | Castle Age |
| 19:22 | Research | Castle Age |
| 19:36 | Build | Stable |
| 19:44 | Build | Archery Range |
| 20:18 | Create | Scout Cavalry |
| 20:43 | Research | Gold Mining |
| 20:44 | Research | Horse Collar |
| 20:45 | Research | Double-Bit Axe |
| 20:46 | Research | Double-Bit Axe |
| 21:11 | Create | Archer |
| 22:02 | Age | Castle Age |
| 22:16 | Research | Bodkin Arrow |
| 22:16 | Research | Bodkin Arrow |
| 22:16 | Create | Villager (Male) |
| 22:20 | Build | Town Center |
| 22:23 | Research | Bloodlines |
| 22:42 | Create | Villager (Male) |
| 22:56 | Create | Cavalry Archer |
| 22:56 | Create | Cavalry Archer |
| 23:18 | Create | Villager (Male) |
| 23:18 | Create | Villager (Male) |
| 23:21 | Create | Cavalry Archer |
| 23:21 | Create | Cavalry Archer |
| 23:23 | Build | Farm |
| 23:56 | Create | Villager (Male) |
| 23:56 | Create | Villager (Male) |
| 23:57 | Create | Villager (Male) |
| 23:59 | Create | Cavalry Archer |
| 23:59 | Create | Cavalry Archer |
| 24:01 | Build | Farm |
| 24:17 | Create | Villager (Male) |
| 24:17 | Create | Villager (Male) |
| 24:39 | Create | Villager (Male) |
| 24:43 | Create | Cavalry Archer |
| 24:43 | Create | Cavalry Archer |
| 24:50 | Build | Town Center |
| 25:32 | Create | Villager (Male) |
| 25:32 | Create | Villager (Male) |
| 25:36 | Create | Villager (Male) |
| 25:37 | Create | Villager (Male) |
| 25:44 | Build | Farm |
| 25:47 | Build | Farm |
| 26:21 | Build | Farm |
| 26:25 | Create | Villager (Male) |
| 26:25 | Create | Villager (Male) |
| 26:25 | Create | Villager (Male) |
| 26:28 | Build | Farm |
| 26:33 | Build | Farm |
Match timeline
| 4:48 | Zellet 3000 · first_building Barracks |
| 7:29 | oscbennetts · wall_segment Palisade Wall x1 |
| 7:29 | neo_399 · first_building Barracks |
| 7:30 | oscbennetts · wall_segment Palisade Wall x1 |
| 7:40 | Consort Radahn · first_building Barracks |
| 7:59 | Consort Radahn · wall_segment Palisade Wall x6 |
| 8:31 | Consort Radahn · age_up feudal |
| 8:33 | Consort Radahn · first_building Stable |
| 8:38 | neo_399 · age_up feudal |
| 8:41 | neo_399 · first_building Stable |
| 8:52 | oscbennetts · age_up feudal |
| 8:53 | oscbennetts · first_building Stable |
| 8:53 | Zellet 3000 · age_up feudal |
| 9:28 | oscbennetts · wall_segment Palisade Wall x1 |
| 9:28 | oscbennetts · wall_segment Palisade Wall x1 |
| 9:30 | oscbennetts · wall_segment Palisade Wall x1 |
| 9:41 | oscbennetts · wall_segment Palisade Wall x1 |
| 9:46 | oscbennetts · wall_segment Palisade Wall x1 |
| 9:50 | oscbennetts · wall_segment Palisade Wall x5 |
| 10:05 | oscbennetts · wall_segment Palisade Wall x3 |
| 10:08 | oscbennetts · wall_segment Palisade Wall x7 |
| 10:14 | oscbennetts · wall_segment Palisade Wall x1 |
| 10:17 | Consort Radahn · wall_segment Palisade Wall x1 |
| 10:17 | Zellet 3000 · wall_segment Palisade Wall x1 |
| 10:23 | Zellet 3000 · wall_segment Palisade Wall x1 |
| 10:24 | Zellet 3000 · wall_segment Palisade Wall x1 |
| 10:32 | oscbennetts · wall_segment Palisade Wall x1 |
| 10:36 | Zellet 3000 · wall_segment Palisade Wall x1 |
| 10:38 | Consort Radahn · wall_segment Palisade Wall x7 |
| 10:53 | Zellet 3000 · first_building Archery Range |
| 10:57 | neo_399 · wall_segment Palisade Wall x6 |
| 11:12 | oscbennetts · wall_segment Palisade Wall x4 |
| 11:16 | oscbennetts · wall_segment Palisade Wall x5 |
| 11:56 | oscbennetts · wall_segment Palisade Wall x1 |
| 11:59 | oscbennetts · wall_segment Palisade Wall x1 |
| 12:56 | Consort Radahn · wall_segment Palisade Wall x1 |
| 12:57 | Consort Radahn · wall_segment Palisade Wall x1 |
| 13:04 | neo_399 · wall_segment Palisade Wall x19 |
| 13:13 | neo_399 · wall_segment Palisade Wall x16 |
| 13:19 | Zellet 3000 · wall_segment Palisade Wall x3 |
| 13:32 | Zellet 3000 · wall_segment Palisade Wall x3 |
| 13:49 | Consort Radahn · wall_segment Palisade Wall x1 |
| 13:50 | Consort Radahn · wall_segment Palisade Wall x1 |
| 14:01 | Zellet 3000 · wall_segment Palisade Wall x1 |
| 14:34 | Zellet 3000 · wall_segment Palisade Wall x5 |
| 14:52 | Consort Radahn · wall_segment Palisade Wall x1 |
| 15:13 | Zellet 3000 · wall_segment Palisade Wall x2 |
| 15:35 | Zellet 3000 · wall_segment Palisade Wall x11 |
| 15:36 | oscbennetts · wall_segment Palisade Wall x1 |
| 15:44 | oscbennetts · wall_segment Palisade Wall x1 |
| 16:13 | Zellet 3000 · wall_segment Palisade Wall x1 |
| 17:09 | neo_399 · first_building Archery Range |
| 18:05 | oscbennetts · wall_segment Palisade Wall x1 |
| 18:07 | oscbennetts · wall_segment Palisade Wall x1 |
| 18:20 | Consort Radahn · first_building Archery Range |
| 18:23 | Zellet 3000 · wall_segment Palisade Wall x1 |
| 18:27 | Consort Radahn · wall_segment Palisade Wall x1 |
| 19:22 | Consort Radahn · wall_segment Palisade Wall x1 |
| 19:36 | Zellet 3000 · first_building Stable |
| 20:34 | Consort Radahn · age_up castle |
| 20:39 | oscbennetts · wall_segment Palisade Wall x1 |
| 22:02 | Zellet 3000 · age_up castle |
| 22:04 | oscbennetts · age_up castle |
| 22:26 | neo_399 · age_up castle |
| 24:36 | oscbennetts · wall_segment Palisade Wall x1 |
| 25:24 | oscbennetts · wall_segment Palisade Wall x1 |
| 27:03 | Consort Radahn · first_market_buy 100 food |
| 28:12 | Consort Radahn · wall_segment Palisade Wall x1 |
| 28:16 | Consort Radahn · wall_segment Palisade Wall x1 |
| 30:40 | oscbennetts · first_market_buy 100 stone |
| 30:52 | oscbennetts · wall_segment Palisade Wall x1 |
| 30:54 | oscbennetts · wall_segment Palisade Wall x1 |
| 31:49 | Zellet 3000 · first_building Castle |
| 33:57 | neo_399 · wall_segment Palisade Wall x9 |
| 35:01 | Consort Radahn · first_market_sell 100 wood |
| 35:12 | oscbennetts · first_market_sell 500 wood |
| 35:15 | Consort Radahn · first_building Castle |
| 37:49 | neo_399 · first_building Castle |
| 37:49 | Zellet 3000 · first_market_buy 100 food |
| 38:22 | neo_399 · first_market_buy 100 wood |
| 40:18 | oscbennetts · first_building Monastery |
| 41:26 | oscbennetts · wall_segment Palisade Wall x1 |
| 41:50 | oscbennetts · first_building Castle |
| 41:51 | Zellet 3000 · age_up imperial |
| 42:50 | oscbennetts · age_up imperial |
| 44:24 | neo_399 · age_up imperial |
| 44:25 | Zellet 3000 · first_market_sell 500 food |
| 44:53 | neo_399 · first_market_sell 100 wood |
| 45:18 | neo_399 · wall_segment Palisade Wall x6 |
| 45:40 | Consort Radahn · wall_segment Stone Wall x1 |
| 46:09 | Consort Radahn · resign |
[ AI ANALYSIS · 1 CREDIT ]
What really happened in this match?
Wolo.gg analyzes every decision: build order, eco, micro, common mistakes by bracket. Personalized analysis on WhatsApp or Discord in 30 seconds.
Civ guide
Wei
Map guide
Arabia
Perfil
Jugador #87613